AoeStats
← JamesNewstedd

Pilgrims

509635986Analyzed
3v3 RM · 4d ago on Sep 27, 2026· 26m 15s· 6 players
Game mode
Random Map
Map size
Normal (6 player)
Population
200
Speed
Normal
Resources
Standard
Victory
Conquest
Starting age
Dark Age
Ending age
Imperial Age
RankedLock teamsTeams togetherTeam positionsShared explorationLock speedFull tech treeHidden civsTurbo modeCheats
Victory
Defeat
🇩🇪 Saracens · Germany
1554
+9
🇩🇪 Teutons · Germany
1391
+16
🇩🇪 Vikings · Germany
1113
+27
🇺🇾 Dravidians · Uruguay
1437
-19
🇺🇾 Bulgarians · Uruguay
1425
-19
🇦🇷 Mongols · Argentina
1289
-14
Gescheiterte Existenz
6:05 Loom
9:04 Feudal Age
10:46 Double-Bit Axe
13:01 Fishing Lines
18:16 Castle Age
16:40 Gold Mining
17:39 Scale Barding Armor
19:28 Bow Saw
19:48 Horse Collar
105er.DarkSheep
4:58 Loom
10:57 Feudal Age
11:26 Double-Bit Axe
13:30 Town Watch
13:57 Fletching
15:52 Wheelbarrow
15:55 Gold Mining
20:09 Castle Age
18:49 Stone Mining
21:09 Bow Saw
20:44 Fishing Lines
23:09 Sanctity
24:03 Hand Cart
26:02 Horse Collar
JamesNewstedd
7:39 Loom
11:17 Feudal Age
11:46 Double-Bit Axe
12:18 Fishing Lines
13:36 Wheelbarrow
14:51 Gold Mining
16:00 Town Watch
21:18 Forging
23:09 Castle Age
24:12 Bow Saw
24:40 Gold Shaft Mining
24:33 Medium Warships
26:22 Iron Casting
DGHIR | Miloss
7:30 Loom
9:45 Feudal Age
10:38 Town Watch
12:03 Town Watch
14:11 Wheelbarrow
15:45 Fletching
15:52 Double-Bit Axe
22:18 Castle Age
22:28 Crossbowman
23:27 Bodkin Arrow
DGHIR | Lionerrt
6:18 Loom
12:13 Feudal Age
14:51 Fletching
15:00 Double-Bit Axe
17:06 Fishing Lines
25:41 Castle Age
26:24 Bodkin Arrow
DGHIR | Garezo
7:58 Loom
10:35 Feudal Age
11:30 Double-Bit Axe
13:10 Fletching
13:43 Gold Mining
19:31 Town Watch
24:24 Castle Age
25:18 Medium Warships
24:49 Fishing Lines
25:07 Bodkin Arrow
26:06 Medium Warships
25:17 Demolition Ship
26:20 Forging
Connection lost

Rejoining the realm…

Still unreachable

The connection could not be restored.

Session expired

The server has moved on; the page needs a fresh start.